 Dungeon Crawl Stone Soup version 0.23.0-42-geed6394 (webtiles) character file.

Game seed: 9956357807688817328

58684 Lavandula the Carver (level 14, -5/77 HPs)
             Began as a Vine Stalker Fighter on Feb 28, 2019.
             Was a High Priest of Zin.
             Shot with a bolt by a yaktaur (8 damage)
             ... led by a yaktaur captain
             ... on level 1 of the Depths.
             The game lasted 00:35:39 (12208 turns).

Lavandula the Carver (Vine Stalker Fighter)        Turns: 12208, Time: 00:35:39

Health: -5/77      AC: 12    Str: 22    XL:     14   Next: 91%
Magic:  0/21       EV: 18    Int: 10    God:    Zin [*****.]
Gold:   599        SH:  8    Dex: 16    Spells: 5/21 levels left

rFire    + . .     SeeInvis .   L - +4 scimitar (flame)
rCold    + + .     Gourm    .   B - +3 warlock's mirror {reflect}
rNeg     + . .     Faith    .   A - +2 scale mail {rC+}
rPois    +         Spirit   +   (no helmet)
rElec    .         Reflect  +   z - scarf {rC+ rF+}
rCorr    .         Harm     .   (no gloves)
MR       +....                  l - +2 pair of boots
Stlth    +.........             (no amulet)
HPRegen  1.02/turn              K - ring of poison resistance
MPRegen  0.17/turn              J - ring of Dihiwab {rN+ Stlth+}

@: very slightly contaminated
A: fangs 3, repulsion field 1, clever 1, regeneration 2, magic shield, antimagic
bite, no potion heal 3, rot immunity
a: Recite, Vitalisation, Imprison, Sanctuary, Donate Gold, Renounce Religion


You were on level 1 of the Depths.
You worshipped Zin.
Zin was extremely pleased with you.
You were hungry.

You visited 3 branches of the dungeon, and saw 17 of its levels.

You collected 893 gold pieces.
You spent 228 gold pieces at shops.
You donated 66 gold pieces to Zin.

Inventory:

Hand Weapons
 j - a +2 dagger of venom
 o - a +2 short sword of electrocution
 q - a +3 scimitar of freezing
 L - a +4 scimitar of flaming (weapon)
Missiles
 I - 4 javelins (quivered)
Armour
 c - a +0 shield
 l - a +2 pair of boots (worn)
 n - a +1 leather armour of positive energy
 p - a +1 robe of fire resistance
 t - +0 acid dragon scales
 w - a +2 ring mail of positive energy
 z - a scarf of resistance (worn)
 A - a +2 scale mail of cold resistance (worn)
 B - the +3 warlock's mirror (worn) {reflect}
   (You found it on level 10 of the Dungeon)
 C - a +0 troll leather armour
Jewellery
 e - an uncursed ring of flight
 x - an uncursed ring of protection from fire
 J - the ring of Dihiwab (right hand) {rN+ Stlth+}
   (You found it on level 14 of the Dungeon)

   [ring of stealth]

   It protects you from negative energy.
   It makes you more stealthy.
 K - a ring of poison resistance (left hand)
Wands
 v - a wand of flame (11)
 y - a wand of iceblast (8)
Scrolls
 a - 7 scrolls of remove curse
 h - a scroll of silence
 i - 5 scrolls of teleportation
 m - 3 scrolls of enchant armour
 s - a scroll of fog
 u - 4 scrolls of immolation
 E - a scroll of vulnerability
 F - 3 scrolls of magic mapping
 H - 2 scrolls of identify
Potions
 d - 3 potions of might
 g - 3 potions of agility
 k - 3 potions of flight
 r - a potion of magic
 D - a potion of berserk rage
 G - a potion of ambrosia
Comestibles
 f - 22 rations


   Skills:
 + Level 10.2 Fighting
 - Level 2.2(9.5) Short Blades
 - Level 13.9(14.0) Long Blades
 - Level 5.1 Throwing
 - Level 5.7 Armour
 - Level 8.7 Dodging
 - Level 4.1 Shields
 - Level 4.4 Spellcasting
 - Level 5.2 Translocations
 - Level 7.0 Invocations
 - Level 5.0 Evocations


You had 5 spell levels left.
You knew the following spells:

 Your Spells              Type           Power        Failure   Level  Hunger
a - Blink                 Tloc           N/A          11%         2    ##.....
b - Passage of Golubria   Tloc           N/A          56%         4    #####..
c - Summon Lightning Spi  Summ/Air       #.......     99%         4    #####..
d - Deflect Missiles      Chrm/Air       #.........   100%        6    #######

Your spell library contained the following spells:

 Spells                   Type           Power        Failure   Level  Hunger
 Gell's Gravitas          Tloc           ##........   22%         3    ###....
 Confusing Touch          Hex            #.....       52%         1    #......
 Magic Dart               Conj           #...         52%         1    #......
 Summon Small Mammal      Summ           #...         52%         1    #......
 Call Imp                 Summ           #.......     65%         2    ##.....
 Passwall                 Tmut/Erth      #.......     65%         2    ##.....
 Searing Ray              Conj           #.....       65%         2    ##.....
 Slow                     Hex            #.......     65%         2    ##.....
 Swiftness                Chrm/Air       #.......     65%         2    ##.....
 Call Canine Familiar     Summ           #.......     87%         3    ###....
 Confuse                  Hex            #.......     87%         3    ###....
 Conjure Flame            Conj/Fire      #.......     87%         3    ###....
 Dazzling Spray           Conj/Hex       #.....       87%         3    ###....
 Mephitic Cloud           Conj/Pois/Air  #.......     87%         3    ###....
 Summon Guardian Golem    Hex/Summ       #.......     87%         3    ###....
 Force Lance              Conj/Tloc      #.......     90%         4    #####..
 Cause Fear               Hex            #.........   99%         4    #####..
 Fulminant Prism          Conj/Hex       #.........   99%         4    #####..
 Iskenderun's Mystic Bla  Conj           #.......     99%         4    #####..
 Petrify                  Tmut/Erth      #.......     99%         4    #####..
 Summon Ice Beast         Ice/Summ       #.......     99%         4    #####..
 Lee's Rapid Deconstruct  Erth           #.........   100%        5    ######.
 Metabolic Englaciation   Hex/Ice        #.........   100%        5    ######.
 Silence                  Hex/Air        #.........   100%        5    ######.
 Yara's Violent Unravell  Hex/Tmut       #.........   100%        5    ######.
 Darkness                 Hex            #.........   100%        6    #######
 Invisibility             Hex            #.......     100%        6    #######
 Discord                  Hex            #.........   100%        8    #######


Dungeon Overview and Level Annotations

Branches:
Dungeon (15/15)            Temple (1/1) D:4             Orc (0/2) D:11
 Vaults (0/5) D:14         Depths (1/5) D:15
   Lair: D:8-11

Altars:
Dithmenos
Gozag
Hepliaklqana
Kikubaaqudgha
Makhleb
Okawaru
Qazlal
Ru
Sif Muna
Trog
Vehumet
Xom
Yredelemnul
Zin
The Shining One
Beogh

Shops:
D:4 :   D:7 ?

Annotations:
D:11 3 runed translucent doors, Folque's ghost, journeyman DrEE


Innate Abilities, Weirdness & Mutations

You have razor-sharp teeth.
You heal very quickly.
When hurt, damage is shared between your health and your magic reserves.
Your bite disrupts and absorbs the magic of your enemies.
Potions cannot restore your health.
You are immune to rotting.
You are surrounded by a mild repulsion field. (EV +2)
Your mind is acute. (Int +2)


Message History

Okay, then.
Unknown command.
You fade into invisibility!
You are very lightly contaminated with residual magic.
Something unseen opens the door.
There is an open door here.
You close the door.
A yaktaur opens the door.
You flicker for a moment.
There is an open door, spattered with blood here.
You see here a large rock.
You close the door.
A yaktaur opens the door.
You flicker back into view.
The yaktaur shoots a bolt.
The bolt hits you!!
* * * LOW HITPOINT WARNING * * *
There is a staircase back to the Dungeon, spattered with blood here.
You see here a bolt.
The yaktaur shoots a bolt.
The bolt hits you!
You die...

#.....'...#.##
#.....#..####
##....#'##.# #(...+.'..#
#.#c####'####
###..#..(##.#
#...##.....####
##..c#(.#.#.(#.# ###
#....'...@...''###..#
#...†#(.#(#..#......#
..'....##..(..##......#
...########.(.##.###.#+#
## .###..'.####'#####.'.#
...#
#....#.†....'##...###
....u#u...#+##..#.......#
....uu.......####.......#
....u#..........####....#


You could see a yaktaur.

Vanquished Creatures
  A tengu reaver (Depths:1)
  A fire giant (D:15)
  2 stone giants
  Azrael (D:13)
  A yaktaur captain (Depths:1)
  Snorg (D:12)
  2 hydras
  A death knight (D:14)
  8 two-headed ogres
  2 tengu warriors
  4 centaur warriors
  A death yak (D:10)
  Urug (D:10)
  3 skeletal warriors (D:11)
  3 unseen horrors
  8 wizards
  2 wolf spider zombies (D:15)
  A necromancer (D:14)
  A salamander (shapeshifter) (D:14)
  A deep elf mage (D:15)
  2 cyclopes
  A centaur zombie (D:15)
  A manticore (D:14)
  24 ugly things
  Joseph (D:7)
  2 gargoyles
  4 kobold demonologists (D:13)
  A freezing wraith (D:14)
  A komodo dragon (D:15)
  A yaktaur (Depths:1)
  A tengu conjurer (D:13)
  An efreet (D:15)
  5 trolls
  Grinder (D:6)
  A polar bear (D:10)
  A harpy skeleton (D:15)
  Prince Ribbit (D:7)
  A hornet (D:11)
  A meliai zombie (D:15)
  4 hippogriffs
  4 slime creatures (Depths:1)
  10 yaks
  3 shadows
  4 fire elementals (D:13)
  A basilisk (shapeshifter) (D:14)
  2 wyverns (D:11)
  4 hungry ghosts
  Edmund (D:6)
  2 vampire mosquitoes (D:14)
  A soldier ant (D:14)
  2 acid dragons
  2 water moccasins (D:7)
  Duvessa (D:7)
  A hell hound (D:13)
  9 orc warriors
  8 ogres
  A swamp drake (D:11)
  5 ice beasts
  2 sky beasts
  2 black bears
  2 phantoms
  2 necrophages
  10 centaurs
  2 wolves (D:10)
  A crocodile (D:12)
  4 big kobolds
  8 bullfrogs
  A gnoll sergeant (D:13)
  Blork the orc (D:6)
  A wyvern skeleton (D:10)
  Dowan (D:7)
  A troll zombie (D:15)
  2 scorpions
  6 killer bees (D:10)
  10 wights
  An electric eel (D:10)
  8 howler monkeys
  8 crimson imps
  2 jellies
  4 human zombies (D:15)
  A bullfrog zombie (D:9)
  A wyvern simulacrum (D:10)
  19 orc priests
  Crazy Yiuf (D:6)
  7 hounds
  A human skeleton (D:15)
  13 orc wizards
  4 centaur skeletons
  An iguana (D:7)
  6 worker ants
  A bullfrog simulacrum (D:10)
  A centaur simulacrum (D:10)
  3 hound zombies
  3 mummies (D:15)
  3 gnolls (D:13)
  11 adders
  3 shadow imps
  A white imp (D:10)
  An ufetubus (D:10)
  An adder skeleton (D:5)
  2 worms (D:3)
  2 dart slugs
  2 leopard geckos
  56 orcs
  9 bats
  6 giant cockroaches
  8 goblins
  9 hobgoblins
  9 kobolds
  4 quokkas
  2 ball pythons (D:4)
  2 frilled lizards
  A leopard gecko skeleton (D:6)
  8 rats
442 creatures vanquished.

Vanquished Creatures (others)
  A centaur (D:14)
1 creature vanquished.

Grand Total: 443 creatures vanquished

Notes
Turn   | Place    | Note
-------+----------+-------------------------------------------
     0 | D:1      | Lavandula the Vine Stalker Fighter began the quest for the
                  | Orb.
     0 | D:1      | Reached XP level 1. HP: 11/11 MP: 2/2
   112 | D:1      | Reached skill level 2 in Long Blades
   330 | D:1      | Reached XP level 2. HP: 12/16 MP: 3/3
   544 | D:2      | Reached skill level 3 in Long Blades
   544 | D:2      | Reached XP level 3. HP: 18/19 MP: 4/4
   590 | D:2      | Found a shadowy altar of Dithmenos.
   960 | D:3      | Reached skill level 4 in Long Blades
   960 | D:3      | Gained mutation: Your natural rate of healing is unusually
                  | fast. [Vine Stalker growth]
   960 | D:3      | Reached XP level 4. HP: 11/23 MP: 5/5
  1021 | D:3      | Noticed a bullfrog
  1037 | D:3      | Killed a bullfrog
  1037 | D:3      | Reached XP level 5. HP: 12/27 MP: 3/6
  1122 | D:3      | Reached skill level 5 in Long Blades
  1122 | D:3      | Reached XP level 6. HP: 25/32 MP: 4/7
  1232 | D:3      | Learned a level 2 spell: Blink
  1286 | D:3      | Reached skill level 6 in Long Blades
  1318 | D:3      | Found a hazy altar of Hepliaklqana.
  1522 | D:4      | Reached XP level 7. HP: 35/35 MP: 8/8
  1614 | D:4      | Found a staircase to the Ecumenical Temple.
  1747 | D:4      | Found Pemuegh's Book Shoppe.
  1971 | D:5      | Entered Level 5 of the Dungeon
  2134 | D:5      | Reached skill level 7 in Long Blades
  2199 | D:5      | Gained mutation: You have razor-sharp teeth. [Vine Stalker
                  | growth]
  2199 | D:5      | Reached XP level 8. HP: 36/39 MP: 7/9
  2207 | D:5      | Reached skill level 8 in Long Blades
  2284 | D:5      | Found a stormy altar of Qazlal.
  2723 | D:6      | Reached skill level 9 in Long Blades
  2737 | D:6      | Found a glowing silver altar of Zin.
  2965 | D:6      | Noticed Blork the orc
  2977 | D:6      | Killed Blork the orc
  3027 | D:6      | Noticed Grinder
  3042 | D:6      | Killed Grinder
  3065 | D:6      | Noticed Edmund
  3075 | D:6      | Killed Edmund
  3075 | D:6      | Reached skill level 10 in Long Blades
  3076 | D:6      | Gained mutation: Your mind is acute. (Int +2) [potion of
                  | mutation]
  3076 | D:6      | Gained mutation: You are surrounded by a mild repulsion
                  | field. (EV +2) [potion of mutation]
  3146 | D:6      | Reached XP level 9. HP: 43/43 MP: 10/10
  3353 | D:6      | Found a runed translucent door.
  3354 | D:6      | Noticed Crazy Yiuf
  3379 | D:6      | Killed Crazy Yiuf
  3813 | D:7      | Reached skill level 11 in Long Blades
  3854 | D:7      | Noticed Prince Ribbit
  3858 | D:7      | Killed Prince Ribbit
  3899 | D:7      | Noticed Duvessa
  3901 | D:7      | Noticed Dowan
  3905 | D:7      | Killed Duvessa
  3920 | D:7      | Killed Dowan
  4287 | D:7      | Noticed Joseph
  4307 | D:7      | Killed Joseph
  4307 | D:7      | Reached skill level 12 in Long Blades
  4307 | D:7      | Reached XP level 10. HP: 22/47 MP: 6/11
  4312 | D:7      | Found Fariz's Magic Scroll Shoppe.
  4319 | D:7      | Bought a scroll of fog for 24 gold pieces
  4319 | D:7      | Bought a scroll of immolation for 42 gold pieces
  4319 | D:7      | Bought a scroll of teleportation for 36 gold pieces
  4319 | D:7      | Bought a scroll of teleportation for 36 gold pieces
  4319 | D:7      | Bought a scroll of enchant armour for 90 gold pieces
  4757 | D:8      | Found an iron altar of Okawaru.
  4963 | Temple   | Entered the Ecumenical Temple
  5142 | D:8      | Reached skill level 13 in Long Blades
  5354 | D:6      | Became a worshipper of Zin the Law-Giver
  5543 | D:9      | Found a glowing golden altar of the Shining One.
  5716 | D:9      | Reached * piety under Zin
  6302 | D:10     | Entered Level 10 of the Dungeon
  6376 | D:10     | Reached skill level 1 in Invocations
  6379 | D:10     | Reached XP level 11. HP: 47/53 MP: 11/13
  6515 | D:10     | Noticed a wizard
  6521 | D:10     | Killed a wizard
  6611 | D:10     | Noticed a wizard
  6617 | D:10     | Noticed a wizard
  6619 | D:10     | Killed a wizard
  6619 | D:10     | Reached skill level 5 in Invocations
  6624 | D:10     | Killed a wizard
  6631 | D:10     | Reached ** piety under Zin
  6633 | D:10     | Noticed a wizard
  6642 | D:10     | Noticed a wizard
  6650 | D:10     | Killed a wizard
  6655 | D:10     | Killed a wizard
  6736 | D:10     | Noticed a wizard
  6745 | D:10     | Killed a wizard
  6763 | D:10     | Noticed a wizard
  6781 | D:10     | Killed a wizard
  6781 | D:10     | Reached skill level 5 in Fighting
  6791 | D:10     | Found the +3 warlock's mirror {reflect}
  6816 | D:10     | Reached *** piety under Zin
  7127 | D:10     | Noticed Urug
  7157 | D:10     | Killed Urug
  7204 | D:10     | Noticed a death yak
  7214 | D:10     | Killed a death yak
  7567 | D:11     | Noticed a skeletal warrior
  7595 | D:11     | Killed a skeletal warrior
  7595 | D:11     | Gained mutation: You heal very quickly. [Vine Stalker
                  | growth]
  7595 | D:11     | Reached XP level 12. HP: 49/62 MP: 14/18
  7679 | D:11     | Reached **** piety under Zin
  7761 | D:11     | Found a runed translucent gate.
  7805 | D:11     | Noticed a two-headed ogre
  7811 | D:11     | Killed a two-headed ogre
  7832 | D:11     | Reached skill level 5 in Translocations
  7867 | D:11     | Noticed a two-headed ogre
  7875 | D:11     | Killed a two-headed ogre
  7927 | D:11     | Found a staircase to the Orcish Mines.
  8069 | D:11     | Found a burning altar of Makhleb.
  8098 | D:11     | Reached skill level 1 in Dodging
  8200 | D:11     | Found a runed translucent gate.
  8201 | D:11     | Found a runed translucent gate.
  8201 | D:11     | Found a roughly hewn altar of Beogh.
  8202 | D:11     | Noticed Folque's ghost (journeyman DrEE)
  8245 | D:12     | Reached skill level 1 in Throwing
  8271 | D:12     | Noticed a two-headed ogre
  8282 | D:12     | Killed a two-headed ogre
  8429 | D:12     | Learned a level 4 spell: Passage of Golubria
  8434 | D:12     | Learned a level 4 spell: Summon Lightning Spire
  8441 | D:12     | Learned a level 6 spell: Deflect Missiles
  8483 | D:12     | Noticed a two-headed ogre
  8495 | D:12     | Killed a two-headed ogre
  8636 | D:12     | Reached skill level 5 in Throwing
  8750 | D:12     | Noticed Snorg
  8761 | D:12     | Reached skill level 1 in Evocations
  8792 | D:12     | Killed Snorg
  8962 | D:13     | Noticed a four-headed hydra
  8974 | D:13     | Reached XP level 13. HP: 61/66 MP: 20/20
  9033 | D:13     | Reached skill level 5 in Evocations
  9183 | D:13     | Noticed Azrael
  9220 | D:13     | Killed Azrael
  9603 | D:13     | Reached skill level 5 in Dodging
  9928 | D:14     | Found a gate to the Vaults.
 10001 | D:14     | Found a sacrificial altar of Ru.
 10229 | D:14     | Reached XP level 14. HP: 49/75 MP: 14/21
 10234 | D:14     | Got a clouded lapis lazuli ring
 10236 | D:14     | Identified the ring of Dihiwab {rN+ Stlth+} (You found it
                  | on level 14 of the Dungeon)
 10569 | D:15     | Entered Level 15 of the Dungeon
 10607 | D:15     | Reached skill level 10 in Fighting
 10653 | D:15     | Reached ***** piety under Zin
 11025 | D:15     | Found a staircase to the Depths.
 11025 | D:15     | Noticed a fire giant
 11145 | D:15     | Killed a fire giant
 11266 | D:15     | Found an ancient bone altar of Kikubaaqudgha.
 11311 | D:15     | Reached skill level 5 in Armour
 11640 | Depths:1 | Entered Level 1 of the Depths
 11648 | Depths:1 | Noticed a tengu reaver
 11648 | Depths:1 | Noticed a stone giant
 11728 | D:15     | Killed a stone giant
 11809 | Depths:1 | Killed a tengu reaver
 12013 | Depths:1 | Noticed a stone giant
 12067 | Depths:1 | Killed a stone giant
 12141 | Depths:1 | Noticed a lich
 12207 | Depths:1 | HP: 2/77 [yaktaur/bolt[a yaktaur captain] (20)]
 12208 | Depths:1 | Shot with a bolt by a yaktaur

Skill      XL: |  1  2  3  4  5  6  7  8  9 10 11 12 13 14 |
---------------+-------------------------------------------+-----
Long Blades    | 2 3 4 5 6 7 10 12 13 | 13.9
Short Blades   | 2 |  2.2
Fighting       | 3 6 9 10 | 10.2
Invocations    | 1 7 |  7.0
Shields        | 4 |  4.1
Translocations | 5 |  5.2
Spellcasting   | 4 |  4.4
Dodging        | 1 6 8 |  8.7
Throwing       | 5 |  5.1
Evocations     | 3 5 |  5.0
Armour         | 5 |  5.7

Action                   |  1- 3 |  4- 6 |  7- 9 | 10-12 | 13-15 || total
-------------------------+-------+-------+-------+-------+-------++-------
Melee: Long sword        |    81 |    12 |       |       |       ||    93
       Bite              |    20 |    17 |    67 |   218 |   286 ||   608
       Short sword       |       |    19 |       |       |     8 ||    27
       Scimitar          |       |    43 |   211 |   580 |   603 ||  1437
Throw: Javelin           |       |       |       |    26 |     2 ||    28
 Cast: Blink             |       |       |       |     1 |     1 ||     2
Invok: Vitalisation      |       |       |       |     1 |     2 ||     3
       Imprison          |       |       |       |     2 |     1 ||     3
Evoke: Wand              |       |       |       |     6 |     3 ||     9
  Use: Scroll            |       |     1 |     7 |     6 |     2 ||    16
       Potion            |       |       |     5 |       |     3 ||     8
 Stab: Sleeping          |       |     1 |       |       |     1 ||     2
  Eat: Chunk             |       |     2 |     5 |     9 |     5 ||    21
       Ration            |       |       |     1 |     3 |     2 ||     6
Armor: Scale mail        |    20 |    15 |       |       |     7 ||    42
       Robe              |       |     2 |    12 |       |       ||    14
       Ring mail         |       |       |    37 |   103 |   109 ||   249
Dodge: Dodged            |    19 |    19 |    46 |   160 |   264 ||   508
Block: Shield            |    39 |    33 |    67 |   104 |       ||   243
       Buckler           |       |       |       |    80 |   137 ||   217
       Reflection        |       |       |       |     1 |     8 ||     9
       Rpst.: Long sword |     5 |     2 |       |       |       ||     7
       Scimitar          |       |     5 |    13 |    36 |    54 ||   108
